[Event "Skagerrak Kragero 2022"]
[Site "Kragero"]
[Date "2022.06.04"]
[Round "5.3"]
[White "Gaboyan, Susanna"]
[Black "Sagafos, Magne"]
[Result "1/2-1/2"]
[ECO "A50"]
[WhiteElo "2247"]
[BlackElo "2361"]
[Annotator "TA"]
[PlyCount "129"]
[EventDate "2022.06.02"]
[EventType "tourn"]
[EventCountry "NOR"]
[SourceTitle "playchess.com"]
[Source "ChessBase"]
[SourceQuality "1"]
[TimeControl "5400+30"]

1. d4 Nf6 2. Nf3 g6 3. g3 b6 4. Bg2 Bb7 5. O-O Bg7 6. c4 O-O 7. Nc3 {7.Re1 is a critical line.} Ne4 8. Qc2 Nxc3 {A50: Queen's Fianchetto Defence (1 d4 Nf6 2 c4 b6).} 9. Qxc3 c5 10. e3 (10. Rd1 $1 $11) 10... Be4 $15 {Black is slightly better.} 11. Qd2 Nc6 12. d5 {[#]} Na5 $146 ({Predecessor:} 12... Bxf3 13. Bxf3 Ne5 14. Be2 f5 15. Qc2 Nf7 16. f4 Nd6 17. Bf3 Qc7 18. Bd2 Rae8 {½-½ (31) Cejic,D (2225)-Zivkovic,V (2165) Zlatibor 1989}) 13. Qe2 b5 14. Nd2 Bxg2 15. Kxg2 Nxc4 16. Nxc4 bxc4 17. Qxc4 Qb6 (17... Qa5 $1 $15) 18. Rb1 $11 Rfb8 19. Bd2 {Inhibits Qa5.} Qb5 20. Rfc1 d6 21. b4 Qxc4 22. Rxc4 a5 23. b5 a4 $1 24. Kf3 Rb6 25. Ke2 a3 26. Rb3 Rab8 27. Ra4 Bb2 28. Bc3 (28. Kd3 $11) 28... Bxc3 $17 29. Rxc3 Rxb5 30. Rcxa3 {[%mdl 4096] Endgame KRR-KRR} Rb2+ 31. Kf3 Kg7 32. Ra8 Rxa8 33. Rxa8 $15 {KR-KR} h5 34. h4 (34. a4 $15) 34... f5 $1 $17 35. a4 Kf6 $1 36. a5 Ra2 $1 37. a6 $2 (37. Ra7 $17 {is more resistant.}) 37... Ke5 $19 38. a7 Kxd5 39. Kf4 Ke6 $2 ({Worse is} 39... c4 40. Kg5 $17) (39... Kc4 $1 $19 {[%cal Rc4d3] ...Kd3 is the strong threat.} 40. e4 Kd3) 40. Kg5 {[#]} Kf7 ({Not} 40... c4 41. Kxg6 Kd7 42. Rb8 (42. Kxh5 c3 $17) 42... Rxa7 43. Kxf5 $15) 41. Kh6 (41. f3 $17 {keeps fighting.}) 41... c4 42. Rc8 $2 (42. Kg5) 42... Rxa7 43. Rxc4 Ra2 44. Rf4 e5 45. Rb4 Rxf2 46. Rb7+ Ke6 ({Stronger than} 46... Kf6 47. Rg7 $17) 47. Rg7 Kd5 48. Rxg6 Rf3 49. Kxh5 Rxe3 {White must now prevent ...Rf3.} 50. Rg5 Ke4 51. Kg6 {[#]} f4 $1 52. h5 Rxg3 53. h6 Rh3 54. Rh5 Rxh5 55. Kxh5 {KP-KP} f3 56. h7 f2 57. h8=Q f1=Q {KQ-KQ} 58. Qa8+ d5 {aiming for ...Qf7+.} 59. Kg5 Qf5+ 60. Kh6 Qf6+ 61. Kh7 Qf7+ 62. Kh8 Kf4 $2 (62... Qd7 $19 63. Qa2 Qh3+ 64. Kg7 d4) 63. Qa4+ $1 $11 {The position is equal.} Kf5 {( -> ...Qh5+)} 64. Qf4+ Ke6 65. Qxe5+ $1 {[%emt 2:00:47] Weighted Error Value: White=0.87/Black=0.15 (very precise)} 1/2-1/2

[Event "Skagerrak Kragero 2022"]
[Site "Kragero"]
[Date "2022.06.04"]
[Round "5.4"]
[White "Hryzlova, Sofiia"]
[Black "Doluhanova, Evgeniya"]
[Result "1-0"]
[ECO "A13"]
[WhiteElo "2157"]
[BlackElo "2270"]
[Annotator "TA"]
[PlyCount "127"]
[EventDate "2022.06.02"]
[EventType "tourn"]
[EventCountry "NOR"]
[SourceTitle "playchess.com"]
[Source "ChessBase"]
[SourceQuality "1"]
[TimeControl "5400+30"]

1. Nf3 {Anton Guijarro,David} Nf6 2. c4 e6 3. g3 d5 4. Bg2 dxc4 5. Qa4+ Bd7 6. Qxc4 {A13: English Opening: 1...e6.} c5 7. Ne5 Qc8 8. Qd3 $1 {The position is equal. 8.Qd3 scores better than 8.0-0.} Nc6 9. Nxd7 Nxd7 10. O-O Be7 11. Nc3 O-O 12. b3 Rd8 13. Bb2 Nf6 14. Qc2 Nb4 15. Qc1 Qd7 16. Rd1 Rac8 17. d3 {[#]} Nfd5 $146 ({Predecessor:} 17... h6 18. Rb1 b6 19. a3 Nc6 20. e3 Nd5 21. Ne4 Qc7 22. Qc2 Qb8 23. Qe2 Ne5 {1-0 (54) Anton Guijarro,D (2703)-Adams,M (2701) Biel 2020 CBM 197 [Anton Guijarro,David]}) 18. a3 Nc6 19. e3 {Against Nd4} Bf6 20. Ne4 Bxb2 21. Qxb2 b6 22. Rac1 Na5 23. Bf1 h6 24. Rd2 f5 25. Nc3 Nf6 26. Rcd1 e5 27. Bh3 (27. b4 {is more complex.} cxb4 28. axb4 Nc6 29. Bh3) 27... g6 28. b4 cxb4 29. axb4 Nc6 30. b5 Na5 31. e4 Kg7 32. exf5 gxf5 {[#]} 33. Ne4 $1 $36 {[%mdl 2048] Black is under strong pressure.} Qe6 34. f4 exf4 35. Rf1 (35. gxf4 $16 {Black must now prevent Rg2+.} Kf7 36. Nxf6 Qxf6 37. Qa2+ Qe6 38. Bxf5 Qxa2 39. Rxa2) 35... Rd5 $2 (35... Nc4 $1 $11 {and Black is okay.} 36. dxc4 Qxe4) 36. Rxf4 $18 ({Don't take} 36. gxf4 $6 Rf8 37. Rg2+ Kh7 $18) 36... Qe5 {aiming for ...Qxb2.} (36... Re5 $2 37. Rdf2 Qe7 38. Bxf5 $18) 37. Rxf5 (37. Bxf5 $18 {has better winning chances.} Rxb5 38. Qxe5 Rc1+ 39. Kg2 Rxe5 40. Nxf6 Kxf6 41. Rdf2) 37... Qxb2 $16 38. Rxb2 Rxf5 39. Bxf5 Rd8 40. Kf2 Rd5 41. g4 Nd7 (41... h5 $16 {might work better.}) 42. Ke3 Ne5 43. Nc3 (43. Nd2 $16) 43... Rxd3+ 44. Bxd3 Nec4+ {Pair of Knights!} (44... Nac4+ $16 45. Bxc4 Nxc4+ 46. Kd4 Nxb2) 45. Kd4 $1 $18 Nxb2 {[%mdl 4096] Endgame KBN-KNN} 46. Be2 (46. Bc2 $1 $18) 46... Kg6 (46... Nb3+ $142 47. Kd5 Nc5) 47. h4 Kf6 $2 (47... Nb3+ $16 48. Ke3 Nc1) 48. Kd5 $2 (48. Ne4+ $18 Ke6 49. Kc3 Na4+ 50. Kb4) 48... Ke7 49. h5 (49. Bf1 $142) 49... Nb3 $16 50. Ne4 {And now g5 would win.} Nc1 {[#]} 51. Bf1 ({Better is} 51. Bf3 $1 $16) 51... Ncd3 $2 (51... Nd1 $1 $14) 52. Kd4 $18 Nf4 {[#]} (52... Ne1 {is a better defense.} 53. Be2 Na4) 53. Ke5 $1 Ne6 54. Nd6 Nd1 55. Nf5+ Kd7 56. Nxh6 Nf2 57. Be2 Nh3 58. Bc4 Neg5 59. Nf7 {Strongly threatening Nxg5.} Nf3+ 60. Kf6 Nf2 61. Be6+ Kc7 62. h6 {White mates.} Ne4+ 63. Kg6 Nd4 64. Bf5 {[%emt 1:59:42] Weighted Error Value: White=0.30/Black=0.60} 1-0

[Event "Skagerrak Kragero 2022"]
[Site "Kragero"]
[Date "2022.06.04"]
[Round "5.5"]
[White "Skaslien, Ingrid"]
[Black "Verbin, Valentina"]
[Result "0-1"]
[ECO "E48"]
[WhiteElo "1884"]
[BlackElo "2067"]
[Annotator "TA"]
[PlyCount "98"]
[EventDate "2022.06.02"]
[EventType "tourn"]
[EventCountry "NOR"]
[SourceTitle "playchess.com"]
[Source "ChessBase"]
[SourceQuality "1"]
[TimeControl "5400+30"]

1. d4 Nf6 2. c4 e6 3. Nc3 Bb4 4. e3 O-O 5. Bd3 d5 6. cxd5 exd5 7. Nge2 Bd6 8. Bd2 {[%emt 1:28:50] is currently scoring better than 8.0-0. E48: Nimzo-Indian: Rubinstein: 5 Bd3 d5 including 6 Ne2, but excluding 6 a3.} b6 9. Rc1 c5 10. O-O {[%emt 1:06:45] The position is equal.} Re8 11. Ng3 {[#]} Nc6 $146 (11... Bb7 12. Qf3 Nbd7 13. Nf5 Bf8 14. Qg3 g6 15. Rfd1 Re6 16. e4 dxe4 17. Bc4 Nh5) ({Predecessor:} 11... Bb7 12. Qf3 Nbd7 13. Nf5 Bf8 14. Qg3 g6 15. Rfd1 Re6 16. e4 dxe4 17. Bc4 Nh5 {0-1 (46) Grischuk,A (2777)-Ding,L (2805) Chess.com INT 2020}) 12. Nb5 Bf8 13. Bc3 (13. Nc3 $15) 13... c4 14. Bb1 a6 15. Na3 b5 16. Nc2 b4 17. Bd2 a5 {[%emt 0:24:46] Black is more active.} 18. a3 c3 19. bxc3 b3 (19... bxa3 20. e4) ({Not} 19... bxa3 20. e4 $15) 20. Ne1 a4 21. Bd3 Bxa3 22. Ra1 Qe7 $36 {[%mdl 2048] Keeping White busy.} 23. Bb5 (23. c4 $142) 23... Bd7 $19 24. Nf3 Reb8 25. Qe2 Na5 26. Bxd7 Nxd7 27. Nf5 (27. e4 $142 b2 28. Rad1) 27... Qf8 28. e4 b2 29. Rab1 Qe8 30. Bf4 Qxe4 31. Qxe4 dxe4 32. Bxb8 exf3 (32... Rxb8 $142 33. Nd2 Bf8 34. Nxe4 a3) 33. Bf4 $2 (33. Bd6 {was called for.} fxg2 34. Kxg2 Bxd6 35. Rxb2) 33... Nc4 {Pair of Knights! Black is clearly winning.} 34. Rfe1 Bf8 {[#] Hoping for ...a3.} 35. gxf3 (35. Bc1 $142 a3 36. Bxb2 axb2 37. Ne3) 35... a3 36. Ne3 Nd2 37. Nc2 Nxf3+ 38. Kf1 Nxe1 39. Kxe1 Nb6 40. Kd1 Nc4 {[#] ...a2 is the strong threat.} 41. Nxa3 Rxa3 42. Kc2 Ra1 43. Rxb2 Nxb2 44. Kxb2 Rf1 45. Bg3 f5 {[%cal Of5f4] Strongly threatening ...f4!} 46. Kb3 g5 {Threatens to win with ...f4.} 47. Bc7 Rxf2 {aiming for ...f4.} 48. d5 Kf7 49. Kc4 Rd2 {[%emt 1:18:11] White did not feel at home in the position after the opening.  Weighted Error Value: White=0.70/Black=0.13 (very precise)} 0-1

[Event "Skagerrak Kragero 2022"]
[Site "Kragero"]
[Date "2022.06.04"]
[Round "6.1"]
[White "Rakhmangulova, Anastasiya"]
[Black "Verbin, Valentina"]
[Result "1/2-1/2"]
[ECO "B99"]
[WhiteElo "2245"]
[BlackElo "2067"]
[Annotator "TA"]
[PlyCount "65"]
[EventDate "2022.06.02"]
[EventType "tourn"]
[EventCountry "NOR"]
[SourceTitle "playchess.com"]
[Source "ChessBase"]
[SourceQuality "1"]
[TimeControl "5400+30"]

1. e4 c5 2. Nf3 d6 3. d4 cxd4 4. Nxd4 Nf6 5. Nc3 a6 6. Bg5 e6 7. f4 Be7 8. Qf3 Qc7 9. O-O-O Nbd7 10. g4 h6 11. Bxf6 Bxf6 12. h4 Nb6 $1 {[%mdl 4] is recently more successful than 12...Qb6. B99: Sicilian Najdorf: 6 Bg5 e6 7 f4 Be7 8 Qf3 Qc7 9 0-0-0 Nbd7.} 13. Be2 Bd7 14. g5 Bxd4 {White is slightly better.} 15. Rxd4 O-O-O 16. Rhd1 Bc6 {[#]} 17. g6 $146 {White is more active.} ({Predecessor:} 17. Qg3 hxg5 18. hxg5 g6 19. Kb1 Kb8 20. a3 d5 21. exd5 Nxd5 22. Nxd5 Rxd5 23. Rxd5 Bxd5 {½-½ (77) Nastore,P (2227)-Sahil,T (2201) Chess.com INT 2021}) 17... Rhf8 18. Qh3 Kb8 19. gxf7 Qxf7 20. e5 Nd5 {Prevents Qe3.} 21. Nxd5 dxe5 {[#]} 22. fxe5 Rxd5 23. Rxd5 Bxd5 24. Rf1 {Against Qf4+} Qe7 25. Rxf8+ Qxf8 $11 {[%mdl 4096] Endgame KQB-KQB} 26. Qf1 {Against Qf4+} (26. Qg3 $11) 26... Qc5 $1 $15 27. Kb1 (27. Qf4 $15) 27... Qe3 (27... g5 $17 28. hxg5 hxg5) 28. a4 Qxe5 29. Qf8+ {[#]} Ka7 (29... Kc7 $1 $17 30. Qf2 g5 31. hxg5 hxg5) 30. Qf2+ $11 Kb8 (30... Ka8 $11) 31. Qf8+ $17 {[#]} Kc7 $1 32. Qe7+ Kb8 ({Black should try} 32... Kc6 $17 33. Qe8+ Kb6 34. Qd8+ Ka7) 33. Qf8+ {[%emt 1:28:26] Weighted Error Value: White=0.13 (very precise) /Black=0.13 (very precise)} 1/2-1/2

[Event "Skagerrak Kragero 2022"]
[Site "Kragero"]
[Date "2022.06.04"]
[Round "6.2"]
[White "Doluhanova, Evgeniya"]
[Black "Skaslien, Ingrid"]
[Result "1-0"]
[ECO "A06"]
[WhiteElo "2270"]
[BlackElo "1884"]
[Annotator "TA"]
[PlyCount "61"]
[EventDate "2022.06.02"]
[EventType "tourn"]
[EventCountry "NOR"]
[SourceTitle "playchess.com"]
[Source "ChessBase"]
[SourceQuality "1"]
[TimeControl "5400+30"]

1. Nf3 d5 2. b3 Nf6 3. Bb2 e6 4. e3 Be7 5. Be2 O-O 6. O-O b6 {A06: Réti Opening: 1 Nf3 d5.} 7. d3 Nbd7 8. c4 Bb7 {The position is equal.} 9. cxd5 Nxd5 10. Nbd2 c5 11. Ne4 {[#]} Rc8 $146 ({Predecessor:} 11... f5 12. Nc3 Bf6 13. d4 Qe7 14. Bc4 Nxc3 15. Bxc3 Kh8 16. Rc1 e5 17. dxc5 Nxc5 {1-0 (74) Jovic,S (2312)-Milosavljevic,M (2177) Vrnjacka Banja 2004}) 12. Rc1 N7f6 13. Ng3 Qc7 14. a3 Qb8 15. Be5 Qa8 16. e4 Nc7 17. Qd2 Nd7 18. Bb2 Bf6 19. Bxf6 Nxf6 20. Qg5 h6 21. Qh4 Rfd8 22. e5 (22. Ne5 $5 ) 22... Nfe8 23. Rc4 {Strongly threatening Nh5.} Nd5 (23... Nb5 {deserves consideration.}) 24. Nh5 $11 {[%cal Oh5g7] Black should prevent Nxg7!} b5 $2 {[%mdl 8192] [#] This move loses the game for Black.} (24... f5 $11) 25. Rg4 $1 $18 {[%cal Oh5g7] Threatening mate with Nxg7!} Nc3 26. Bd1 Kf8 {[#]} (26... Nxd1 $142 27. Nxg7 Bxf3 28. gxf3 Rd4) 27. Nxg7 $1 Nxg7 28. Qxh6 Nxd1 29. Qxg7+ Ke8 30. Ng5 Rd7 31. Qg8+ {[%emt 1:15:15] Weighted Error Value: White=0.06 (flawless) /Black=0.90} 1-0

[Event "Skagerrak Kragero 2022"]
[Site "Kragero"]
[Date "2022.06.04"]
[Round "6.3"]
[White "Sagafos, Magne"]
[Black "Hryzlova, Sofiia"]
[Result "1/2-1/2"]
[ECO "B30"]
[WhiteElo "2361"]
[BlackElo "2157"]
[Annotator "TA"]
[PlyCount "118"]
[EventDate "2022.06.02"]
[EventType "tourn"]
[EventCountry "NOR"]
[SourceTitle "playchess.com"]
[Source "ChessBase"]
[SourceQuality "1"]
[TimeControl "5400+30"]

1. e4 c5 2. Nc3 Nc6 3. Bb5 Nd4 4. Nf3 e6 5. Bd3 Nc6 6. O-O {B30: Sicilian: 2...Nc6 3 Bb5, lines without ...g6.} a6 {Prevents Bb5.} 7. b3 {7.e5 deserves study.} d6 8. Bb2 Nf6 9. Qe2 {[#]} Be7 $146 ({Predecessor:} 9... Qc7 10. Rae1 Be7 11. Nd1 O-O 12. e5 dxe5 13. Nxe5 Nd4 14. Qe3 Nd5 15. Qg3 Bd6 {½-½ (36) Sikorsky,H (2513)-Pappier,C (2525) ICCF email 2015}) 10. e5 dxe5 11. Nxe5 Nd4 12. Qe3 b6 (12... O-O $11) 13. Ne4 {White is more active.} (13. Ne2 $16) 13... Bb7 $11 14. Bxd4 (14. Ng5 {feels hotter.} Qd5 15. f3 Ng4 16. Nxg4 Bxg5 17. Qf2) 14... Qxd4 (14... cxd4 {seems wilder.} 15. Qf3 Qc7 16. Rfe1 Rd8) 15. Qxd4 cxd4 16. Nxf6+ gxf6 17. Nc4 b5 18. Na5 Bd5 19. a4 b4 (19... Rb8 $15 20. c4 dxc3 21. dxc3 O-O) 20. Rae1 Kd7 21. Nc4 Bc5 {Against Nb6+} 22. Nb2 h5 23. h4 Rhg8 24. g3 f5 25. Bc4 Bb7 26. Nd3 Bd6 {[%cal Od6g3] A strong pair of Bishops.} (26... Rac8 {keeps more tension.} 27. Ne5+ Ke7 28. Nxf7 Kxf7 29. Rxe6 Rgd8) 27. Ne5+ Bxe5 28. Rxe5 Kd6 29. Ree1 (29. Ra5 $1 $11) 29... Rg7 (29... f4 $17 30. Kh2 Rg4) 30. Kh2 (30. c3 $5) 30... Rag8 31. Rg1 f4 (31... Rb8 $15) 32. Be2 (32. c3 $1 $11 {was the only way to keep the balance.}) 32... f3 (32... Rc8 $17 33. Rc1 fxg3+ 34. fxg3 f5) 33. Bc4 $15 Re8 34. c3 bxc3 35. dxc3 dxc3 36. Re3 c2 {next ...f5 is good for Black.} 37. Rc1 f5 (37... Rg4 $11 {keeps the balance.}) 38. Rxc2 $16 e5 (38... Rg6 $142) 39. Rd3+ Ke7 {And now ...Be4 would win.} 40. Rcd2 {Hoping for Rd7+.} Kf8 41. Rd6 $1 {Black must now prevent Rf6+.} Bc8 (41... f4 $142) 42. Bxa6 (42. Rh6 $18) 42... Be6 $2 {[%mdl 8192] Prevents R2d5.} (42... Bxa6 $16 43. Rxa6 f4) 43. Bb5 $18 Ree7 44. Bc4 $2 (44. a5 $18 {is more deadly.}) 44... Bxc4 $16 45. bxc4 {[%mdl 4096] Endgame KRR-KRR} Rg4 {[#]} 46. Rf6+ ({White should try} 46. a5 $1 $16) 46... Rf7 $14 47. Rxf7+ Kxf7 {[#] KR-KR} 48. Rc2 (48. a5 $1 $16 ) 48... f4 $11 49. gxf4 Rxh4+ (49... Rg2+ $11 50. Kh1 e4) 50. Kg3 $16 Rxf4 51. c5 (51. a5 $16) 51... Ke7 {The position is equal.} 52. c6 {c7 is the strong threat.} Kd8 53. c7+ Kc8 54. a5 h4+ 55. Kh3 Ra4 56. Rc3 e4 57. Rc5 Ra2 58. Re5 Kxc7 59. Rxe4 Rxf2 {[%emt 1:41:11] White really could win this.  Weighted Error Value: White=0.30/Black=0.29 (precise)} 1/2-1/2

[Event "Skagerrak Kragero 2022"]
[Site "Kragero"]
[Date "2022.06.04"]
[Round "6.4"]
[White "Grave, Jacob Templen"]
[Black "Gaboyan, Susanna"]
[Result "0-1"]
[ECO "D72"]
[WhiteElo "2227"]
[BlackElo "2247"]
[Annotator "TA"]
[PlyCount "72"]
[EventDate "2022.06.02"]
[EventType "tourn"]
[EventCountry "NOR"]
[SourceTitle "playchess.com"]
[Source "ChessBase"]
[SourceQuality "1"]
[TimeControl "5400+30"]

1. d4 Nf6 2. c4 g6 3. g3 Bg7 4. Bg2 d5 5. cxd5 Nxd5 6. e4 Nb6 7. Ne2 Nc6 (7... c5 $11) 8. d5 $14 {D72: Fianchetto Grünfeld: 5 cxd5 Nxd5 6 e4 Nb6 (without Nf3).} Ne5 (8... Na5 $11) 9. O-O (9. Nbc3 $16) 9... c6 10. Nbc3 {White is slightly better.} cxd5 11. exd5 (11. f4 $5 Ng4 12. e5 $11) 11... O-O 12. b3 {[#]} Bg4 $146 ({Predecessor:} 12... Bf5 13. Be3 Qd7 14. Bd4 Bh3 15. Bxh3 Qxh3 16. Nf4 Qf5 17. Kg2 Rac8 18. Qb1 Qxb1 19. Raxb1 {0-1 (29) Barlay,I-Fecht,H Bern 1977}) 13. h3 Bf5 (13... Nf3+ $11 {deserves consideration.} 14. Kh1 Nd4 $1 15. hxg4 Nxe2 16. Qxe2 Bxc3) 14. Nd4 (14. Be3 $14) 14... Bd3 $11 15. Re1 {[%cal Oe1e5] aiming for Rxe5!} Ba6 16. Re3 {Inhibits Nd3.} Rc8 17. f4 {[#]} (17. Nde2 $11 {remains equal.}) 17... Nc6 $1 $17 18. Nc2 {[#]} Nb4 $1 19. Nxb4 Bxc3 20. Rxc3 Rxc3 21. Bb2 ({White should play} 21. Kh2) 21... Rc8 ({Black should try} 21... Rxg3 $17 {And now ...Bb5 would win.} 22. Kh2 {[#]} Rxg2+ $1 23. Kxg2 Bb5) 22. Qd4 $11 f6 23. Re1 Qd7 24. h4 {[%mdl 1024] White has compensation.} Rfd8 25. Kh2 Qd6 26. Bh3 {Threatens to win with Re6. This bishop pair is nice.} Rc7 27. Re6 Qc5 28. Qxc5 Rxc5 29. Rxe7 {Strongly threatening Bd4.} Nxd5 30. Be6+ Kf8 31. Nxd5 (31. Rxh7 $11 Nxb4 32. Bxf6 Rd2+ 33. Kh3 Bf1+ 34. Kg4 Be2+ 35. Kh3 Bf1+ 36. Kg4 Be2+ 37. Kh3 Bf1+) 31... Rdxd5 $19 (31... Rc2+ 32. Kg1 Rxd5 33. Rf7+ Ke8 34. Bxd5 $16) 32. Bxf6 $2 (32. Rf7+ Ke8 33. Bxd5 Rxd5 34. Rxh7 Rd2+ 35. Kg1 Rxb2 36. Rg7) 32... Rc2+ {Black is clearly winning.} 33. Kh3 Bf1+ ({Not} 33... Rd6 34. Rf7+ Ke8 35. Re7+ Kf8 36. Rf7+ Ke8 37. Re7+ Kf8 $11) 34. Kg4 h5+ 35. Kf3 Rd3+ 36. Ke4 Re2+ {[%emt 1:22:49] Weighted Error Value: White=0.58/Black=0.15 (very precise)} 0-1

[Event "Skagerrak Kragero 2022"]
[Site "Kragero"]
[Date "2022.06.04"]
[Round "6.5"]
[White "Machlik, Monika"]
[Black "Tarleva, Diana"]
[Result "1/2-1/2"]
[ECO "D75"]
[WhiteElo "2134"]
[BlackElo "2160"]
[Annotator "TA"]
[PlyCount "28"]
[EventDate "2022.06.02"]
[EventType "tourn"]
[EventCountry "NOR"]
[SourceTitle "playchess.com"]
[Source "ChessBase"]
[SourceQuality "1"]
[TimeControl "5400+30"]

1. d4 Nf6 2. c4 g6 3. Nc3 Bg7 4. Nf3 O-O 5. g3 d5 6. cxd5 Nxd5 7. Bg2 c5 8. O-O cxd4 9. Nxd4 Nxc3 10. bxc3 Nd7 11. Ba3 {D75: Fianchetto Grünfeld: Main Line with 7...c5.} Re8 12. Qb3 Nb6 {[#]} 13. Bc5 $146 (13. Rac1 $14) ({Predecessor:} 13. Rac1 Qc7 14. e3 Qc4 15. Rfe1 Rb8 16. Bf1 Qxb3 17. axb3 a6 18. c4 Nd7 19. Bg2 e5 {½-½ (19) Jensen,B (2316)-Lupo,A (2317) ICCF email 2020}) 13... Nd7 14. Ba3 Nb6 {[%emt 1:00:34] Not much happened in this game.  Weighted Error Value: White=0.16 (very precise) /Black=0.10 (very precise)} 1/2-1/2

[Event "Skagerrak Kragero 2022"]
[Site "Kragero"]
[Date "2022.06.05"]
[Round "7.1"]
[White "Tarleva, Diana"]
[Black "Rakhmangulova, Anastasiya"]
[Result "1-0"]
[ECO "C18"]
[WhiteElo "2160"]
[BlackElo "2245"]
[Annotator "TA"]
[PlyCount "77"]
[EventDate "2022.06.02"]
[EventType "tourn"]
[EventCountry "NOR"]
[SourceTitle "playchess.com"]
[Source "ChessBase"]
[SourceQuality "1"]
[TimeControl "5400+30"]

1. e4 e6 2. d4 d5 3. Nc3 Bb4 4. e5 Ne7 5. a3 Bxc3+ 6. bxc3 c5 7. Qg4 Kf8 8. Nf3 Qa5 9. Bd2 Qa4 10. Bd3 {C18: French: 3 Nc3 Bb4: Main line: 7 h4 and 7 Qg4.} c4 11. Be2 Qxc2 12. O-O {The position is equal.} Nbc6 13. Rfc1 Qf5 14. Qg3 {[#]} h5 $146 ({Predecessor:} 14... Qg6 15. Qh3 Na5 16. Nh4 Qe4 17. Bf1 Nb3 18. f3 Qxh4 19. Qxh4 Nxd2 20. Rd1 Nb3 {1-0 (37) Mekhitarian,K (2554)-Osmak,I (2438) Chess.com INT 2020}) 15. Nh4 Qe4 16. Bd1 Nf5 17. Nxf5 Qxf5 18. h4 Na5 (18... Qg6 $14) 19. Bc2 $16 {[%mdl 1024] White has strong compensation.} Qg4 20. Qh2 $36 {[%mdl 2048] White is on the roll. White is more active.} Qe2 {[#]} (20... Nb3 $2 21. f3 Qf5 22. Bxf5 $18) 21. Bg5 {Hoping for Ra2.} Nb3 {[#]} 22. Qf4 $1 {[%cal Oc2g6] Intending Bg6! and mate.} Nxc1 $2 (22... Nxa1 {leads to mate.} 23. Bg6) (22... Bd7 23. Ra2 (23. Bg6 Be8 $17) 23... Qg4) 23. Qxc1 $18 b5 24. Ra2 Qg4 (24... a5 $142 25. Bb1 Qxa2 26. Bxa2 Bd7) 25. Qe1 a5 26. f3 {[%mdl 64] Trapped Piece} Qxg5 27. hxg5 g6 28. a4 Bd7 29. axb5 Bxb5 30. Qb1 Bd7 31. Qb7 Rd8 32. Rxa5 {[%cal Ba2a5,Ba5c5,Bc5c7,Bc7e7,Be7f7][%mdl 32] White threatens Ra7 and mate.} Kg7 33. Rc5 {Threatens to win with Rc7.} h4 34. Rc7 Be8 35. Re7 {And now Qc7 would win.} Rh5 {[#]} 36. Ba4 $1 {White mates.} Bxa4 (36... Rh7 37. Bxe8) 37. Rxf7+ Kg8 38. Qe7 h3 39. Qxd8+ {[%emt 1:38:18] Weighted Error Value: White=0.11 (very precise) /Black=0.48} 1-0

[Event "Skagerrak Kragero 2022"]
[Site "Kragero"]
[Date "2022.06.05"]
[Round "7.2"]
[White "Gaboyan, Susanna"]
[Black "Machlik, Monika"]
[Result "1-0"]
[ECO "A07"]
[WhiteElo "2247"]
[BlackElo "2134"]
[Annotator "TA"]
[PlyCount "73"]
[EventDate "2022.06.02"]
[EventType "tourn"]
[EventCountry "NOR"]
[SourceTitle "playchess.com"]
[Source "ChessBase"]
[SourceQuality "1"]
[TimeControl "5400+30"]

1. Nf3 d5 2. g3 c6 3. Bg2 Nf6 4. O-O Bf5 5. d3 h6 6. Nbd2 e6 7. Qe1 Be7 8. e4 Bh7 9. Qe2 O-O 10. Re1 a5 11. e5 {A07: Réti Opening: New York and Capablanca Systems.} Nfd7 12. Nf1 a4 13. a3 {Black is slightly better.} c5 14. g4 {[#]} Nc6 $146 ({Predecessor:} 14... Ra6 15. Ng3 Rc6 16. c4 Nb6 17. Rd1 Rc7 18. Nh5 Rd7 19. Be3 Nc6 20. Rac1 dxc4 21. dxc4 Rxd1+ 22. Rxd1 {0-1 (31) Bandza,A (2350)-Sapis,W (2420) Katowice 1993}) 15. Ng3 Rc8 16. Nh5 (16. Bd2 $17) 16... Nd4 $19 17. Nxd4 cxd4 18. Bf4 Bg5 (18... Qb6 $19 19. Reb1 Rc6) 19. Bg3 Qc7 20. f4 Be7 21. Rac1 Qb6 (21... g6 22. Nf6+ Nxf6 23. exf6 $14) 22. f5 $1 Qxb2 (22... Bg5 $15 23. Rb1 exf5) 23. f6 gxf6 24. Bh4 $2 (24. Qd2 $11 {and White is okay.} Rfe8 25. Qxh6 (25. Rb1 Qxc2 26. Qxh6 Bf8 $17)) 24... Rfe8 (24... Qxa3 25. Qd2 Kh8 26. Qxh6 $17) 25. exf6 Bf8 26. g5 Rc3 (26... Bxa3 $6 27. Ng7 $15) (26... b5 $17 27. Nf4 Bxa3) 27. Nf4 (27. g6 $5 Bxg6 28. Nf4 $11) 27... Bxa3 $2 (27... Bd6 $1 $11 28. Nxd5 Bxd3) 28. gxh6 $2 (28. g6 $1 $18 {[%cal Rg6f7] White threatens gxf7+ and mate.} Bxg6 29. Nxg6 fxg6 30. Bxd5 (30. f7+ Kxf7 31. Bxd5 Qxc1 $15)) 28... Kh8 $1 $36 {[%mdl 2048] Hoping for ...Rg8. White is under pressure.} 29. Qh5 $1 ({Avoid the trap} 29. Qg4 $2 Rg8 30. Qe2 Qxc1 31. Rxc1 Bxc1 32. Nxd5 exd5 $19) 29... Rf8 (29... Rg8 $2 30. Qxf7 Nf8 31. Nxd5 $1 Rxc2 32. Rxc2 Qxc2 33. Bg3 $1 $18 (33. Nf4 $2 Bd6 $19)) 30. Rb1 (30. Nxe6 $1 $11 {and White has nothing to worry.} fxe6 31. f7) 30... Qxc2 $19 {...Bd6 is the strong threat.} 31. Rxb7 {[#]} (31. Nxe6 $142 fxe6 32. Rxb7) 31... Rc7 $1 32. Rb5 (32. Rbb1 {might work better.} Bd6 33. Bg3 Bxd3 34. Nxd3 Bxg3 35. Red1) 32... Bc1 33. Nxe6 (33. Qg4 Rg8 34. Qg7+ Rxg7 35. hxg7+ Kg8 36. Nxd5) 33... fxe6 34. f7 Be3+ $2 (34... Bxd3 35. Qg4 Bxh6 36. Qxe6 {[#]} Rc6 $1 37. Qxd5 Bxb5 38. Qxb5 Rg6) 35. Rxe3 {[%cal Oh5e5] Intending Qe5+! and mate.} dxe3 $4 {[%mdl 8192] [#]} (35... Bxd3 $19 36. Qg4 Rxf7 37. Qxd4+ Kh7) 36. Qe5+ $3 {[%mdl 576] Deflection} Nxe5 37. Bf6# {[%emt 1:41:22] Both players deserved the win here.  Weighted Error Value: White=0.68/Black=0.67} 1-0